 Dungeon Crawl Stone Soup version 0.31-a0-532-g28f74ba3e5 (webtiles) character file.

Game seed: 7362226160063743555

21 Pooter the Nimble (level 2, -2/23 HPs)
             Began as a Gnoll Wanderer on Aug 13, 2023.
             Slain by a cerulean imp
             ... wielding a +2 spear
             ... summoned by Natasha
              (3 damage)
             ... on level 1 of the Dungeon.
             The game lasted 00:06:24 (1157 turns).

Pooter the Nimble (Gnoll Wanderer)                  Turns: 1157, Time: 00:06:24

Health: -2/23      AC:  3    Str:  8    XL:     2   Next: 87%
Magic:  3/5        EV: 15    Int: 12    God:
Gold:   7          SH:  0    Dex: 13    Spells: 4/6 levels left

rFire   . . .        a - +2 quarterstaff
rCold   . . .        (shield currently unavailable)
rNeg    . . .        d - +0 robe
rPois   .            (no helmet)
rElec   .            (no cloak)
rCorr   .            b - +0 pair of gloves
SInv    .            (no boots)
Will    .....        (no amulet)
Stlth   +            (no ring)
HPRegen 0.23/turn    (no ring)
MPRegen 0.09/turn

%: no passive effects
@: slowed, very slow
A: fangs 1, strong nose, distributed training
a: no special abilities


You were on level 1 of the Dungeon.
You visited 1 branch of the dungeon, and saw 2 of its levels.

You collected 47 gold pieces.
You spent 40 gold pieces at shops.

Inventory:

Hand Weapons
 a - a +2 quarterstaff (weapon)
Missiles
 Q - 10 stones (quivered)
Armour
 b - a +0 pair of gloves (worn)
 d - a +0 robe (worn)
 h - a +1 ring mail of fire resistance
   (You found it on level 1 of the Dungeon)
Jewellery
 G - an amulet of guardian spirit
   (You found it on level 1 of the Dungeon)
Scrolls
 g - a scroll of enchant armour
Potions
 c - a potion of lignification {!q}
 e - a potion of enlightenment
 f - a potion of curing {@q1}


   Skills:
 + Level 2.5 Fighting
 + Level 0.5 Short Blades
 + Level 0.5 Long Blades
 + Level 0.5 Axes
 + Level 0.5 Maces & Flails
 + Level 0.5 Polearms
 + Level 6.5 Staves
 + Level 0.5 Ranged Weapons
 + Level 0.5 Throwing
 + Level 0.5 Armour
 + Level 8.5 Dodging
 + Level 0.5 Stealth
 + Level 0.5 Shields
 + Level 0.5 Unarmed Combat
 + Level 2.7 Spellcasting
 + Level 0.4 Conjurations
 + Level 0.4 Hexes
 + Level 2.0 Summonings
 + Level 0.4 Necromancy
 + Level 0.4 Translocations
 + Level 0.4 Transmutations
 + Level 0.4 Fire Magic
 + Level 0.4 Ice Magic
 + Level 0.4 Air Magic
 + Level 0.4 Earth Magic
 + Level 0.4 Poison Magic
 + Level 0.7 Invocations
 + Level 0.5 Evocations
 + Level 0.4 Shapeshifting


You had 4 spell levels left.
You knew the following spells:

 Your Spells              Type           Power      Damage    Failure   Level
a - Summon Small Mammal   Summ           24%        N/A       11%         1
b - Foxfire               Conj/Fire      8%         2x1d4     22%         1

Your spell library contained the following spells:

 Spells                   Type           Power      Damage    Failure   Level
 Summon Guardian Golem    Hex/Summ       4%         N/A       41%         3
 Plasma Beam              Fire/Air       1%         2x1d11    100%        6
 Starburst                Conj/Fire      1%         6d3       100%        6


Dungeon Overview and Level Annotations

Branches:
Dungeon (2/15) Zot: 10831

Altars:

Shops:
D:1 ?

Annotations:
D:1 Natasha


Innate Abilities, Weirdness & Mutations

You have very sharp teeth.
Your uncanny sense of smell can sniff out nearby items.
Your experience applies equally to all skills.


Message History

You climb upwards.
There is a stone staircase leading down here.
You see here a +0 club.
There is an entrance to Pagexab's Magic Scroll Shoppe here.
i - a scroll of identify {@r1} Thank you for shopping at Pagexab's Magic Scroll Shoppe!
You can access your shopping list by pressing '$'.
As you read the scroll of identify {@r1}, it crumbles to dust.
g - a scroll of enchant armour
There is an open door here.
There is a stone staircase leading down here.
You climb downwards.
Natasha hisses angrily.
There is a stone staircase leading up here.
Casting: Summon Small Mammal (safe; 11% risk of failure)
Confirm with . or Enter, or press ? or * to list all spells.
You conjure some foxfire!
Natasha casts a spell.
The foxfire hits Natasha but does no damage.
The foxfire hits Natasha.
Natasha casts a spell at you. The magic dart hits you!
Casting: Foxfire (safe; 22% risk of failure)
Confirm with . or Enter, or press ? or * to list all spells.
You conjure some foxfire!
The foxfire hits Natasha but does no damage. x2
Natasha stares at you and mumbles some strange words.
You feel yourself slow down.
Casting: Foxfire (safe; 22% risk of failure)
Confirm with . or Enter, or press ? or * to list all spells.
You conjure some foxfire!
The cerulean imp hits you but does no damage.
The foxfire hits Natasha. x2; The cerulean imp barely misses you.
Natasha claws you.
* * * LOW HITPOINT WARNING * * *
The cerulean imp hits you but does no damage.
Natasha barely misses you.
The cerulean imp hits you from afar with a +0 spear.
* * * LOW HITPOINT WARNING * * *
You climb upwards.
The cerulean imp disappears in a puff of smoke!
There is a stone staircase leading down here.
You hit Natasha.
Natasha mumbles some strange words.
You hit Natasha. Natasha misses you. The cerulean imp misses you.
Natasha claws you!
* * * LOW HITPOINT WARNING * * *
You barely miss Natasha.
The cerulean imp hits you from afar with a +2 spear.
You die...

.###........# #..#.....∩.......
.'.....###..#####..........######
.####### #.................# ####
.# #..#####.#........# #...
.##########..# #.#....^...# #.##
.#.......###.####.###'###### #.#.
.#.......# #...#.........# #.#.
.#.......#####.h.#.......# #)..
.'.......+....5.@#.......########
##.......#########.......'.......
######### #.......########
#.......# #..... # #.......#
#.#### # #.......# #.# # #
#.......# #.# # # ######### #.# #
# #.# #


You could see Natasha and a cerulean imp (summoned).

Vanquished Creatures
  An endoplasm (D:1)
  A giant cockroach (D:1)
  3 goblins (D:1)
  2 hobgoblins (D:1)
  4 jackals (D:1)
  2 kobolds (D:1)
  A bat (D:1)
  2 frilled lizards (D:1)
  3 rats (D:1)
19 creatures vanquished.

Vanquished Creatures (others)
  6 foxfires (D:2)
6 creatures vanquished.

Grand Total: 25 creatures vanquished

Notes
Turn   | Place    | Note
-------+----------+-------------------------------------------
     0 | D:1      | Pooter the Gnoll Wanderer began the quest for the Orb.
     0 | D:1      | Pooter set off with the following items: a +2 quarterstaff,
                  | a +0 pair of gloves, a potion of lignification {!q}, a +0
                  | robe; and the following spell memorised: Summon Small
                  | Mammal; and the following spells available to memorise:
                  | Summon Guardian Golem.
     0 | D:1      | Reached XP level 1. HP: 17/17 MP: 4/4
   302 | D:1      | Found Pagexab's Magic Scroll Shoppe.
   379 | D:1      | Learned a level 1 spell: Foxfire
   399 | D:1      | Reached XP level 2. HP: 22/23 MP: 5/5
   673 | D:1      | Bought a scroll of identify for 20 gold pieces
  1133 | D:1      | Bought a scroll of identify for 20 gold pieces
  1146 | D:2      | Noticed Natasha
  1156 | D:1      | HP: 1/23 [Natasha (7)]
  1157 | D:1      | Slain by a cerulean imp

Illustrated notes

Levels and vault maps discovered:
D:1:      sevenhm_arrival_forest_fort_large_1, layout_basic, serial_shops, shop,
          minmay_misc_feat_four_crosses
D:2:      layout_rooms, amcnicky_mini_rare_corridor_liquid,
          kennysheep_generic_room_6, uniq_sigmund, uniq_natasha

Skill      XL: |  1 |
---------------+----+-----
Summonings     | 2 |  2.0
Fighting       | |  2.5
Short Blades   | |  0.5
Long Blades    | |  0.5
Axes           | |  0.5
Maces & Flails | |  0.5
Polearms       | |  0.5
Staves         | |  6.5
Ranged Weapons | |  0.5
Throwing       | |  0.5
Armour         | |  0.5
Dodging        | |  8.5
Stealth        | |  0.5
Shields        | |  0.5
Unarmed Combat | |  0.5
Spellcasting   | |  2.7
Conjurations   | |  0.4
Hexes          | |  0.4
Necromancy     | |  0.4
Translocations | |  0.4
Transmutations | |  0.4
Fire Magic     | |  0.4
Ice Magic      | |  0.4
Air Magic      | |  0.4
Earth Magic    | |  0.4
Poison Magic   | |  0.4
Invocations    | |  0.7
Evocations     | |  0.5
Shapeshifting  | |  0.4

Action                     || total
---------------------------++-------
  Melee: Quarterstaff      ||    45
         Bite              ||     2
   Cast: Foxfire           ||     3
         Summon Small Mamm ||     2
    Use: Scroll            ||     3
   Stab: Sleeping          ||     3
 Armour: Robe              ||    10
  Dodge: Dodged            ||    24

Table legend: (Time is in decaauts)
 A = Elapsed time spent in this place.
 B = Non-inter-level travel time spent in this place.
 C = Inter-level travel time spent in this place.
 D = Time resting spent in this place.
 E = Time spent auto-exploring this place.
 F = Levels seen in this place.
 G = Mean time per level.
                   A        B        C        D        E       F      G
               +--------+--------+--------+--------+--------+-----+--------+
         Total |   1166 |   1019 |    147 |     24 |    836 |   2 |  583.0 |
       Dungeon |   1166 |   1019 |    147 |     24 |    836 |   2 |  583.0 |
               +--------+--------+--------+--------+--------+-----+--------+

Top non-repeatable levels by time:
     D:1: 1151 daAuts
     D:2: 15 daAuts
